[Event "Titled Tuesday Blitz November 15 Late 2022"]
[White "Szyszylo, Rafal"]
[Black "Fernandez Hernandez, Gerardo"]
[WhiteFideId "1109626"]
[BlackFideId "2207400"]
[WhiteElo "1981"]
[BlackElo "2222"]
[Result "0-1"]
[Round "04"]
[TimeControl "180+1"]
[Date "2022.11.16"]
[WhiteClock "0:00:07"]
[BlackClock "0:00:12"]

1. e4 e6 2. d4 d5 3. e5 c5 4. c3 Nc6 5. Nf3 Qb6 6. a3 f6 7. Bd3 fxe5 8. Nxe5 Nf6 9. O-O Bd6 10. b4 cxd4 11. cxd4 Nxe5 12. dxe5 Bxe5 13. Ra2 O-O 14. Be3 Qd6 15. Bc5 Bxh2+ 16. Kh1 Qf4 17. Qf3 Qxf3 18. gxf3 Bf4 19. Bxf8 Kxf8 20. Nc3 Bd7 21. Ne2 Bd6 22. Rc2 Ke7 23. Rfc1 a6 24. Nd4 Rf8 25. Re2 g6 26. Nb3 Nh5 27. Nc5 Nf4 28. Rd2 Nxd3 29. Rxd3 Bc8 30. Kg2 b6 31. Nb3 Bb7 32. Nd4 e5 33. Nc6+ Kd7 34. b5 axb5 35. Nb4 e4 36. fxe4 dxe4 37. Re3 Bc5 38. Rd1+ Kc8 39. Nd5 Bxd5 40. Rxd5 Bxe3 41. fxe3 Rf5 42. Rd4 Re5 43. Kg3 Kc7 44. Kf4 Re7 45. Rd5 Kc6 46. Rd8 h5 47. Rg8 Re6 48. Rc8+ Kb7 49. Rd8 Kc7 50. Rg8 Kd6 51. Rb8 Kc5 52. Rc8+ Rc6 53. Re8 Kc4 54. Rxe4+ Kb3 55. Re5 Kxa3 56. Rxb5 Ka4 57. Rb1 b5 58. e4 b4 59. e5 b3 60. Ke4 Ka3 61. Kd5 Ra6 62. e6 Ka2 63. e7 Ra8 64. Re1 b2 65. e8=Q Rxe8 66. Rxe8 b1=Q 67. Ra8+ Kb2 68. Rb8+ Kc1 69. Rxb1+ Kxb1 70. Ke4 Kc2 71. Kf4 Kc3 72. Kg5 Kd4 73. Kxg6 h4 74. Kh5 h3 75. Kg4 h2 76. Kg3 h1=Q 77. Kf4 Qe4+ 78. Kg3 Qf5 79. Kh4 Qg6 80. Kh3 Ke4 81. Kh2 Kf3 82. Kh3 Qg3# 0-1


[Site "https://www.chess.com"]

[Event "Titled Tuesday Blitz November 15 Late 2022"]
[White "Tan, Ralph"]
[Black "Andreassen, Lars"]
[WhiteFideId "30966590"]
[BlackFideId "1504878"]
[WhiteElo "2059"]
[BlackElo "2119"]
[Result "0-1"]
[Round "04"]
[TimeControl "180+1"]
[Date "2022.11.16"]
[WhiteClock "0:00:11"]
[BlackClock "0:00:09"]

1. Nf3 d5 2. g3 Nf6 3. Bg2 Bf5 4. O-O e6 5. Nh4 Be4 6. f3 Bg6 7. d4 c6 8. Nxg6 hxg6 9. c3 Nbd7 10. Be3 Qb6 11. Qd2 Be7 12. Bf2 Rc8 13. b4 a5 14. a3 axb4 15. axb4 O-O 16. Na3 Ra8 17. Nc2 Qb5 18. h3 Nb6 19. Na3 Qa4 20. Nc2 Qb5 21. Ne3 Nc4 22. Nxc4 Qxc4 23. e4 b6 24. Rfb1 c5 25. Bf1 Rxa1 26. Rxa1 Qb3 27. e5 Nd7 28. Ra7 Rd8 29. Bb5 cxb4 30. cxb4 Bxb4 31. Qe2 Nf8 32. h4 Bc3 33. Qd3 Qb2 34. Rc7 Qa1+ 35. Kg2 Ba5 36. h5 gxh5 37. Qe3 Ng6 38. Bd3 Qa2 39. Bxg6 fxg6 40. Qg5 Be1 41. Qxd8+ Kh7 42. Qf8 Qxf2+ 43. Kh3 Qxg3# 0-1


[Site "https://www.chess.com"]

[Event "Titled Tuesday Blitz November 15 Late 2022"]
[White "Tanenbaum, Zachary"]
[Black "Petrovic, Aleksa"]
[WhiteFideId "2060850"]
[BlackFideId "967629"]
[WhiteElo "2175"]
[BlackElo "2224"]
[Result "0-1"]
[Round "04"]
[TimeControl "180+1"]
[Date "2022.11.16"]
[WhiteClock "0:00:04"]
[BlackClock "0:00:57"]

1. e4 e6 2. d4 d5 3. Nc3 h6 4. Nf3 Nf6 5. e5 Nfd7 6. Bd3 c5 7. dxc5 Nc6 8. Bf4 g5 9. Bg3 g4 10. Nd2 Ndxe5 11. Bb5 Bd7 12. Qe2 Bg7 13. Nxd5 Nd4 14. Bxd7+ Qxd7 15. Bxe5 Nxe2 16. Bxg7 Qxd5 17. Bxh8 O-O-O 18. Rd1 Nf4 19. f3 gxf3 20. gxf3 Rxh8 21. Ne4 Qxa2 22. Nd6+ Kb8 23. Nxf7 Rc8 24. Ne5 Qxb2 25. Nd7+ Kc7 26. Kf2 Qxc2+ 27. Kg3 Qf5 28. Rhe1 Rg8+ 0-1


[Site "https://www.chess.com"]

[Event "Titled Tuesday Blitz November 15 Late 2022"]
[White "Tang, Andrew"]
[Black "Coleman, Maxx"]
[WhiteFideId "2059630"]
[BlackFideId "2027119"]
[WhiteElo "2581"]
[BlackElo "2278"]
[Result "1-0"]
[Round "04"]
[TimeControl "180+1"]
[Date "2022.11.16"]
[WhiteClock "0:00:11"]
[BlackClock "0:00:14"]

1. a4 c5 2. Ra3 g6 3. h4 h5 4. Rg3 Bg7 5. Nc3 Nf6 6. d3 Nc6 7. Nf3 d6 8. Ng5 Nd4 9. e3 Nf5 10. Rf3 e5 11. Be2 a6 12. Bd2 Rb8 13. Nce4 Ng4 14. Qa1 b6 15. Qa2 d5 16. Nc3 Bb7 17. e4 Nd4 18. Rxf7 Bf6 19. Bd1 Qd6 20. Rxb7 Rxb7 21. Nxd5 Rf8 22. O-O Bxg5 23. Bxg5 Rbf7 24. f3 Ne6 25. Be2 Nxg5 26. hxg5 Qd8 27. fxg4 Rxf1+ 28. Bxf1 Qxg5 29. Qb1 Qh4 30. Qc1 Qf2+ 31. Kh2 hxg4 32. Qh6 g3+ 33. Kh3 Qxf1 34. Qxg6+ Qf7 35. Qc6+ Qd7+ 36. Qxd7+ Kxd7 37. Nxb6+ Kc6 38. Nc4 Rf2 39. Kxg3 Rxc2 40. Nxe5+ Kc7 41. Nc4 Kd7 42. Kf3 Ke6 43. g4 Rc1 44. Ne3 Rb1 45. Nc4 Rf1+ 46. Ke3 Rg1 47. Kf4 Kf6 48. Nd2 Rg2 49. Nb3 Rxb2 50. Nxc5 Ra2 51. d4 Ra1 52. g5+ Kg6 53. d5 Rf1+ 54. Ke5 Kxg5 55. Nxa6 Ra1 56. Nc5 Rc1 57. Kd6 Kf6 58. e5+ Kf7 59. e6+ Ke8 60. Nd7 Ra1 61. Nf6+ Kf8 62. e7+ Kf7 63. e8=Q+ 1-0


[Site "https://www.chess.com"]

[Event "Titled Tuesday Blitz November 15 Late 2022"]
[White "Tari, Aryan"]
[Black "Hambleton, Aman"]
[WhiteFideId "1510045"]
[BlackFideId "2606577"]
[WhiteElo "2612"]
[BlackElo "2538"]
[Result "1-0"]
[Round "04"]
[TimeControl "180+1"]
[Date "2022.11.15"]
[WhiteClock "0:00:46"]
[BlackClock "0:00:01"]

1. e4 b6 2. d4 Bb7 3. Nc3 e6 4. Nf3 Bb4 5. Bd3 Nf6 6. Nd2 d5 7. e5 Ng8 8. Qg4 Bf8 9. Ne2 Ba6 10. Bxa6 Nxa6 11. c3 Qd7 12. h4 h5 13. Qf3 c5 14. O-O Ne7 15. Qd3 Nb8 16. Ng3 Ng6 17. Nf3 Be7 18. Qe2 Nc6 19. Be3 cxd4 20. cxd4 O-O-O 21. Ng5 Rdf8 22. Rfc1 Kb7 23. Rc3 Nxh4 24. Rac1 Bxg5 25. Rxc6 Bd8 26. Qb5 Kb8 27. Rxb6+ 1-0


[Site "https://www.chess.com"]

[Event "Titled Tuesday Blitz November 15 Late 2022"]
[White "Taspinar, Yanki"]
[Black "Chigaev, Maksim"]
[WhiteFideId "34561188"]
[BlackFideId "4108116"]
[WhiteElo "2225"]
[BlackElo "2541"]
[Result "0-1"]
[Round "04"]
[TimeControl "180+1"]
[Date "2022.11.15"]
[WhiteClock "0:00:01"]
[BlackClock "0:00:11"]

1. Nf3 Nf6 2. g3 g6 3. Bg2 Bg7 4. O-O O-O 5. d4 d5 6. c4 c5 7. dxc5 dxc4 8. Nc3 Qa5 9. Be3 Ng4 10. Bg5 Qxc5 11. Qd5 Qxd5 12. Nxd5 Nc6 13. Nxe7+ Nxe7 14. Bxe7 Re8 15. Ba3 Rxe2 16. Rfe1 Rxe1+ 17. Rxe1 Bd7 18. h3 Nf6 19. Nd2 Be6 20. Bxb7 Rd8 21. Nf3 Bxh3 22. Ng5 Bd7 23. Re7 Be8 24. Rc7 h6 25. Nf3 Bd7 26. Rxc4 Be6 27. Rd4 Rb8 28. Ba6 Bxa2 29. Ra4 Bd5 30. Ne5 Re8 31. f4 Nh5 32. Bb5 Rb8 33. Bc6 Bxc6 34. Nxc6 Re8 35. Rxa7 Nxg3 36. Kg2 Nf5 37. b4 Re2+ 38. Kf3 Re3+ 39. Kf2 Rb3 40. Ra8+ Kh7 41. Ke2 h5 42. Kd2 h4 43. Ra4 h3 44. Bc1 h2 0-1


[Site "https://www.chess.com"]

[Event "Titled Tuesday Blitz November 15 Late 2022"]
[White "Ter-Sahakyan, Samvel"]
[Black "Tomiello, Lucas Costamilan"]
[WhiteFideId "13302531"]
[BlackFideId "22701940"]
[WhiteElo "2584"]
[BlackElo "2085"]
[Result "1-0"]
[Round "04"]
[TimeControl "180+1"]
[Date "2022.11.15"]
[WhiteClock "0:00:04"]
[BlackClock "0:00:04"]

1. d4 Nf6 2. c4 e6 3. Nf3 Bb4+ 4. Bd2 a5 5. a3 Bxd2+ 6. Qxd2 b6 7. Nc3 Bb7 8. e3 O-O 9. Bd3 d6 10. e4 Nbd7 11. O-O e5 12. d5 Nc5 13. Bc2 a4 14. Ne1 Qd7 15. f3 c6 16. dxc6 Bxc6 17. Nd3 Nxd3 18. Qxd3 Qc7 19. Rfd1 Rfd8 20. Kh1 Kf8 21. Rd2 Nh5 22. Rc1 Nf4 23. Qf1 Ne6 24. Qd1 Nc5 25. Nd5 Bxd5 26. Rxd5 Qc6 27. Qd2 Ne6 28. Qb4 Kg8 29. Rb5 Ra6 30. Bxa4 Nd4 31. b3 Qc7 32. Rd5 h5 33. Rd1 h4 34. h3 Ra7 35. Qd2 Ra5 36. Rxa5 bxa5 37. Qg5 Rb8 38. Rd3 Ne6 39. Qxh4 Nc5 40. Rc3 Nxa4 41. bxa4 Rb1+ 42. Kh2 Qb6 43. c5 dxc5 44. Qf2 Qd6 45. Qxc5 Qd1 46. Qc8+ Kh7 47. Qf5+ Kh6 48. Qxe5 Qh1+ 49. Kg3 Qe1+ 50. Kg4 Rb6 51. Qh5# 1-0


[Site "https://www.chess.com"]

[Event "Titled Tuesday Blitz November 15 Late 2022"]
[White "Terry, Renato"]
[Black "Atanasov, Anthony"]
[WhiteFideId "3803457"]
[BlackFideId "2623897"]
[WhiteElo "2577"]
[BlackElo "2048"]
[Result "1-0"]
[Round "04"]
[TimeControl "180+1"]
[Date "2022.11.15"]
[WhiteClock "0:00:57"]
[BlackClock "0:00:01"]

1. e4 e5 2. Nf3 Nf6 3. Nxe5 d6 4. Nxf7 Kxf7 5. d4 c5 6. Bc4+ Be6 7. Bxe6+ Kxe6 8. O-O cxd4 9. Qxd4 Nc6 10. Qe3 Qb6 11. Qh3+ Kf7 12. Nc3 Be7 13. Nd5 Qd8 14. Nf4 Qd7 15. Qb3+ Ke8 16. Ne6 Rg8 17. Re1 Na5 18. Qh3 h6 19. Bd2 Nc4 20. Bc3 Kf7 21. Bxf6 Qxe6 22. Qxe6+ Kxe6 23. Bd4 Bf6 24. Bxf6 gxf6 25. b3 Ne5 26. Kf1 b5 27. Re2 Rac8 28. Rd1 Rc6 29. f4 Nf7 30. Rdd2 Rgc8 31. Ke1 Rc3 32. Kd1 a5 33. Rd4 R8c5 34. Red2 Re3 35. a3 a4 36. Rb4 axb3 37. cxb3 Rcc3 38. Rb2 Red3+ 39. Ke2 Re3+ 40. Kf2 Nd8 41. g3 Nc6 42. Rxb5 Nd4 43. f5+ Kd7 44. Rb7+ Kc6 45. Rh7 Rf3+ 46. Kg2 Rfe3 47. Rxh6 Rxe4 48. Rxf6 Rf3 49. Rd2 Rfe3 50. b4 Re2+ 51. Rxe2 Rxe2+ 52. Kh3 Nf3 53. g4 Nxh2 54. g5 Nf3 55. g6 Rh2+ 56. Kg3 Ne5 57. Kxh2 Ng4+ 58. Kg3 Nxf6 59. Kf4 d5 60. Ke5 Ng4+ 61. Ke6 d4 62. g7 Nh6 63. f6 d3 64. f7 d2 65. g8=Q Nxg8 66. fxg8=Q d1=Q 67. Qe8+ Kb7 68. Qd7+ Kb6 69. Qxd1 1-0


[Site "https://www.chess.com"]

[Event "Titled Tuesday Blitz November 15 Late 2022"]
[White "Thiel, Thomas"]
[Black "Buchenau, Frank"]
[WhiteFideId "4615964"]
[BlackFideId "4604350"]
[WhiteElo "2230"]
[BlackElo "2157"]
[Result "0-1"]
[Round "04"]
[TimeControl "180+1"]
[Date "2022.11.16"]
[WhiteClock "0:00:04"]
[BlackClock "0:00:19"]

1. e4 e6 2. d4 d5 3. Nc3 Nf6 4. Bg5 dxe4 5. Nxe4 Be7 6. Nxf6+ Bxf6 7. Bxf6 Qxf6 8. Nf3 O-O 9. Qd3 c5 10. O-O-O cxd4 11. Nxd4 e5 12. Nb5 Nc6 13. Qe3 Be6 14. Nc7 Rad8 15. Bb5 Nd4 16. Nxe6 Qxe6 17. a4 Rc8 18. c3 Qb3 19. Qd3 Rfd8 20. Kb1 Ne6 21. Qc2 Rxd1+ 22. Rxd1 Rxc3 23. Qxb3 Rxb3 24. Bc4 Rb4 25. Bxe6 fxe6 26. Rd7 h6 27. a5 Kh7 28. a6 bxa6 29. Rxa7 Rf4 30. f3 e4 31. fxe4 Rxe4 32. Rxa6 Kg6 33. Ra3 Re1+ 34. Ka2 e5 35. Rg3+ Kf6 36. b4 g5 37. b5 e4 38. b6 Rd1 39. Kb3 Rb1+ 40. Kc4 Rxb6 41. Kd4 Kf5 42. Ra3 Kf4 43. g3+ Kg4 44. Kxe4 Rb2 45. h4 Rg2 46. hxg5 hxg5 47. Ra8 Rxg3 48. Rg8 Rg1 49. Ke3 Rg2 0-1


[Site "https://www.chess.com"]

[Event "Titled Tuesday Blitz November 15 Late 2022"]
[White "Torres Dominguez, David"]
[Black "Grapsa, Georgia"]
[WhiteFideId "2220857"]
[BlackFideId "4206436"]
[WhiteElo "2037"]
[BlackElo "1877"]
[Result "1-0"]
[Round "04"]
[TimeControl "180+1"]
[Date "2022.11.16"]
[WhiteClock "0:00:42"]
[BlackClock "0:00:39"]

1. e4 d5 2. d3 e5 3. Nf3 Nc6 4. exd5 Qxd5 5. Be2 Nf6 6. O-O Be6 7. Bg5 O-O-O 8. c4 Qd7 9. Kh1 Bf5 10. Qa4 Bxd3 11. Rd1 e4 12. Nc3 Qf5 13. Bxf6 Qxf6 14. Nd5 Qg6 15. Bxd3 exd3 16. b4 f6 17. b5 Nb8 18. Qxa7 Bd6 19. c5 Bf8 20. c6 bxc6 21. bxc6 Nxc6 22. Qxc7# 1-0


[Site "https://www.chess.com"]

[Event "Titled Tuesday Blitz November 15 Late 2022"]
[White "Tristan, Leonardo"]
[Black "Silva Lucena, Cristian"]
[WhiteFideId "113816"]
[BlackFideId "2232588"]
[WhiteElo "2461"]
[BlackElo "2223"]
[Result "1-0"]
[Round "04"]
[TimeControl "180+1"]
[Date "2022.11.16"]
[WhiteClock "0:00:11"]
[BlackClock "0:00:02"]

1. d4 Nf6 2. Nf3 g6 3. Bf4 Bg7 4. e3 O-O 5. Be2 d6 6. h3 c5 7. O-O Be6 8. c3 Qb6 9. dxc5 Qxc5 10. Nbd2 Nc6 11. e4 Qb6 12. Qc2 Rfc8 13. Ng5 Nd4 14. Qd1 Nxe2+ 15. Qxe2 Qxb2 16. Nxe6 fxe6 17. Rab1 Qxc3 18. Rxb7 Rc7 19. Rfb1 Rac8 20. Kh2 Nh5 21. Be3 Qa5 22. Qg4 Kf7 23. Nf3 Bf6 24. R7b5 Qxa2 25. Rxh5 gxh5 26. Qxh5+ Kg8 27. Rb5 e5 28. Rd5 Qa4 29. Qg4+ Kh8 30. Qf5 Qd7 31. Qh5 Qe8 32. Qg4 Qg6 33. Qe6 Qxe4 34. Rxd6 exd6 35. Qxf6+ Kg8 36. Qe6+ Kh8 37. Bg5 Rf8 38. Bf6+ Rxf6 39. Qxf6+ Kg8 40. Qd8+ Kg7 41. Qxc7+ Kg8 42. Qb8+ Kg7 43. Qxa7+ Kg8 44. Qe3 1-0


[Site "https://www.chess.com"]

[Event "Titled Tuesday Blitz November 15 Late 2022"]
[White "Vujic, Mihailo"]
[Black "Danielyan, Vahe"]
[WhiteFideId "918873"]
[BlackFideId "13304828"]
[WhiteElo "2256"]
[BlackElo "2423"]
[Result "0-1"]
[Round "04"]
[TimeControl "180+1"]
[Date "2022.11.16"]
[WhiteClock "0:00:08"]
[BlackClock "0:02:18"]

1. e4 c5 2. c3 b6 3. d4 Bb7 4. Bd3 cxd4 5. cxd4 Nf6 6. Qe2 e6 7. Nc3 Nc6 8. Nf3 Bb4 9. e5 Nd5 10. Bd2 Nce7 11. O-O h6 12. Rfe1 Rc8 13. Rac1 O-O 14. a3 Bxc3 15. bxc3 Ng6 16. g3 d6 17. c4 Nde7 18. exd6 Qxd6 19. Bxg6 Nxg6 20. Bb4 Qc6 21. Bxf8 Kxf8 22. d5 exd5 23. Nd4 Qf6 24. cxd5 Rd8 25. Nc6 Ra8 26. Qd2 Kg8 27. Qc3 Qd6 28. Rcd1 Rc8 29. Qb4 Rxc6 30. Qxd6 Rxd6 31. Re8+ Kh7 32. Rb8 Bxd5 33. a4 Ne5 0-1


[Site "https://www.chess.com"]

[Event "Titled Tuesday Blitz November 15 Late 2022"]
[White "Yanchenko, Roman"]
[Black "Svane, Rasmus"]
[WhiteFideId "4137329"]
[BlackFideId "4657101"]
[WhiteElo "2489"]
[BlackElo "2674"]
[Result "1/2-1/2"]
[Round "04"]
[TimeControl "180+1"]
[Date "2022.11.15"]
[WhiteClock "0:00:22"]
[BlackClock "0:00:04"]

1. d4 Nf6 2. c4 e6 3. Nf3 d5 4. Nc3 a6 5. Bg5 dxc4 6. a4 Nc6 7. e3 Na5 8. Ne5 c5 9. Nxc4 cxd4 10. exd4 Be7 11. Ne5 O-O 12. Be2 Nc6 13. Nxc6 bxc6 14. O-O Ra7 15. Bf3 Qb6 16. Qd2 Rd7 17. Be3 Nd5 18. Bxd5 cxd5 19. a5 Qb3 20. Na4 Rb7 21. Qc3 Bd7 22. Nb6 Qxc3 23. bxc3 Bb5 24. Rfb1 Rc7 25. Rb3 Rc6 26. Bf4 Re8 27. h3 f6 28. Be3 Kf7 29. g4 Bd6 30. Nd7 Rd8 31. Nc5 Be7 32. f4 e5 33. fxe5 fxe5 34. Rb2 Ke8 35. Re1 Kf7 36. Rf2+ Kg8 37. Rf5 Bxc5 38. dxc5 d4 39. cxd4 exd4 40. Bxd4 h5 41. Bf2 hxg4 42. hxg4 Rg6 43. Rf4 Rd2 44. Kg2 Bc6+ 45. Kg3 Ra2 46. Rd4 Rxa5 47. Rd6 Ra3+ 48. Re3 Rxe3+ 49. Bxe3 Rxd6 50. cxd6 a5 51. Bc5 a4 52. Kf4 Kf7 53. Ke5 Bd7 54. g5 Kg6 55. Kf4 Kh5 56. Ba3 Kg6 57. Bb4 Bc6 58. Ba3 Kf7 59. Kf5 Bd7+ 60. Ke5 Ke8 61. Bb2 Kf7 62. Ba3 Kg6 63. Kf4 Kh5 64. Bb2 Kg6 65. Ba3 Kf7 66. Bb2 Ke6 67. Bxg7 Kxd6 68. g6 Be6 69. Kg5 Kd5 70. Bf6 a3 71. g7 Kd6 72. Kg6 Kd7 73. Kh7 a2 74. g8=Q Bxg8+ 75. Kxg8 a1=Q 76. Bxa1 1/2-1/2


[Site "https://www.chess.com"]

[Event "Titled Tuesday Blitz November 15 Late 2022"]
[White "Yano, William Jorge Froes"]
[Black "vjecspec"]
[WhiteFideId "2112949"]
[WhiteElo "2122"]
[BlackElo "2524"]
[Result "0-1"]
[Round "04"]
[TimeControl "180+1"]
[Date "2022.11.16"]
[WhiteClock "0:00:43"]
[BlackClock "0:01:00"]

1. e4 g6 2. Nc3 Bg7 3. d4 d6 4. Be2 a6 5. Be3 b5 6. Qd2 Bb7 7. f3 Nd7 8. Nh3 c5 9. Ng5 cxd4 10. Bxd4 Bxd4 11. Qxd4 Ngf6 12. O-O-O Qb6 13. Qd2 h6 14. Nh3 Rc8 15. Kb1 Nc5 16. Nf4 b4 17. Ncd5 Bxd5 18. Nxd5 Nxd5 19. exd5 Na4 20. Rhe1 Nc3+ 21. Ka1 Nxd1 22. Bxd1 Kf8 23. h4 h5 24. Qg5 Rc7 25. g4 Qd4 26. f4 Qf6 27. gxh5 Qxg5 28. fxg5 gxh5 29. Re4 Kg7 30. Rxb4 Rhc8 31. Kb1 Rc4 32. Rb6 Rxh4 33. Rxa6 Rh1 34. Kc1 h4 35. Ra4 Rh8 36. Kd2 h3 37. b4 Rxd1+ 38. Kxd1 h2 0-1


[Site "https://www.chess.com"]

[Event "Titled Tuesday Blitz November 15 Late 2022"]
[White "Yoo, Christopher Woojin"]
[Black "Annaberdiyev, Babageldi"]
[WhiteFideId "30909694"]
[BlackFideId "14000385"]
[WhiteElo "2463"]
[BlackElo "2332"]
[Result "1-0"]
[Round "04"]
[TimeControl "180+1"]
[Date "2022.11.16"]
[WhiteClock "0:01:39"]
[BlackClock "0:00:07"]

1. g3 c5 2. Bg2 Nc6 3. d3 g6 4. Nd2 Bg7 5. e3 d6 6. Ne2 e5 7. c4 Nge7 8. h3 h5 9. Nc3 O-O 10. O-O a5 11. b3 e4 12. Bb2 exd3 13. Nde4 Bf5 14. Qxd3 d5 15. cxd5 Nb4 16. Qd2 Nbxd5 17. Nxd5 Nxd5 18. Bxg7 Kxg7 19. Nxc5 Nf6 20. Qb2 Qe7 21. Rac1 b6 22. Na4 Rab8 23. Rc6 Bd7 24. Rxb6 Bxa4 25. bxa4 Rxb6 26. Qxb6 Qa3 27. Qxa5 Qxa2 28. Qb5 Rc8 29. a5 Rc2 30. a6 Rb2 31. Qc6 Qa5 32. Qc4 Ra2 33. Bb7 Ra4 34. Qd3 h4 35. g4 Nh7 36. f4 g5 37. Qd6 Qc3 38. Qe5+ Qxe5 39. fxe5 Ra5 40. Rf5 Kg6 41. Be4 Kg7 42. e6 Ra1+ 43. Rf1 Rxa6 44. Rxf7+ Kg8 45. Bxh7+ 1-0


[Site "https://www.chess.com"]

[Event "Titled Tuesday Blitz November 15 Late 2022"]
[White "Zhou, Qiyu"]
[Black "Antonio, Jorge Carlos"]
[WhiteFideId "505161"]
[BlackFideId "113190"]
[WhiteElo "2101"]
[BlackElo "2247"]
[Result "0-1"]
[Round "04"]
[TimeControl "180+1"]
[Date "2022.11.16"]
[WhiteClock "0:00:08"]
[BlackClock "0:01:03"]

1. e4 c5 2. Nf3 e6 3. d4 cxd4 4. Nxd4 Nc6 5. Nc3 a6 6. Be3 Qc7 7. Be2 Bb4 8. Qd3 Ne5 9. Qd2 Nf6 10. f3 d5 11. a3 Bxc3 12. Qxc3 Qxc3+ 13. bxc3 dxe4 14. f4 Nd5 15. Bd2 Ng6 16. O-O f5 17. c4 Nf6 18. Bb4 Kf7 19. Rad1 Bd7 20. c5 Ne7 21. Bc4 Ned5 22. Rfe1 Bc6 23. g3 h5 24. h4 Rhd8 25. Nb3 Ng4 26. Rd4 Nde3 27. Rc1 Rxd4 0-1


[Site "https://www.chess.com"]

[Event "Titled Tuesday Blitz November 15 Late 2022"]
[White "Zhurbinsky, David"]
[Black "Hoffmann, Asa"]
[WhiteFideId "2072904"]
[BlackFideId "2001470"]
[WhiteElo "2556"]
[BlackElo "2117"]
[Result "0-1"]
[Round "04"]
[TimeControl "180+1"]
[Date "2022.11.16"]
[WhiteClock "0:00:05"]
[BlackClock "0:00:07"]

1. e4 d6 2. d4 Nf6 3. Nc3 c6 4. f4 Qa5 5. Bd3 e5 6. Nf3 exd4 7. Nxd4 Qb6 8. Be3 Ng4 9. Bg1 Qxb2 10. Na4 Qa3 11. c3 d5 12. h3 dxe4 13. Bc2 Nf6 14. Be3 b5 15. Bc1 Qd6 16. Nb2 a6 17. Qe2 Qe7 18. Qf2 c5 19. Ne2 Bb7 20. O-O Nbd7 21. c4 g6 22. f5 Bg7 23. fxg6 hxg6 24. Bg5 Qe5 25. Bxf6 Nxf6 26. Rab1 e3 27. Qf4 Qxf4 28. Nxf4 O-O 29. Nbd3 Rac8 30. cxb5 axb5 31. Rxb5 Ba6 32. Rb6 Bc4 33. a4 Nd5 34. Nxd5 Bxd5 35. Nf4 Ba8 36. Re1 Rfd8 37. Bb3 c4 38. Ba2 Rd2 39. Bb1 g5 40. Nh5 Rxg2+ 41. Kf1 Rf2+ 42. Kg1 Bd4 43. Rh6 Rg2+ 44. Kh1 c3 45. Bh7+ Kf8 46. Bf5 Rc5 47. Bg4 Rxg4+ 48. Kh2 Be5+ 49. Ng3 Rxg3 50. Rh8+ Ke7 51. Rxa8 Rf3+ 52. Kg2 Rf2+ 53. Kg1 Bd4 54. Ra7+ Kf6 55. Rf1 c2 56. Rc1 Rd2 57. Ra6+ Ke5 58. Ra8 Rd1+ 59. Kg2 Rxc1 60. Re8+ Kd5 61. Kf3 Rf1+ 62. Kg4 c1=Q 63. a5 Qd1+ 64. Kxg5 Kd6+ 65. Kh6 Qf3 66. Kh7 Qxh3+ 67. Kg8 Qg4+ 68. Kf8 f5 69. Rd8+ Kc7 70. Rxd4 Qxd4 71. a6 Qd7 72. a7 Rg1 73. a8=Q Qg7+ 74. Ke8 Re5# 0-1


[Site "https://www.chess.com"]

[Event "Titled Tuesday Blitz November 15 Late 2022"]
[White "Zwirs, Nico"]
[Black "Alexikov, Alexander"]
[WhiteFideId "1036432"]
[BlackFideId "14103958"]
[WhiteElo "2381"]
[BlackElo "2222"]
[Result "1-0"]
[Round "04"]
[TimeControl "180+1"]
[Date "2022.11.16"]
[WhiteClock "0:00:10"]
[BlackClock "0:00:23"]

1. c4 Nf6 2. Nf3 g6 3. g3 Bg7 4. Bg2 d6 5. O-O c6 6. Nc3 O-O 7. Rb1 a5 8. a3 Na6 9. b4 axb4 10. axb4 Nc7 11. b5 Bd7 12. bxc6 bxc6 13. d3 c5 14. Bg5 Rb8 15. Qd2 Na6 16. Bh6 Nb4 17. Bxg7 Kxg7 18. Rb2 e5 19. Ng5 Qc7 20. Rfb1 Bc6 21. Bxc6 Nxc6 22. Nb5 Qd7 23. Kg2 h6 24. Ne4 Ne8 25. Nec3 Nf6 26. Ne4 Ne8 27. e3 f5 28. Nec3 Nf6 29. Qe2 h5 30. Qf3 Rfe8 31. Nd5 e4 32. dxe4 Nxe4 33. Nbc3 Rxb2 34. Rxb2 Ne5 35. Qe2 Nxc3 36. Nxc3 Qc6+ 37. Nd5 Nd7 38. Rb3 Kf7 39. Qb2 Kg8 40. Rb7 Rf8 41. Rc7 Re8 42. Rxc6 Rf8 43. Rc7 1-0


[Site "https://www.chess.com"]

[Event "Titled Tuesday Blitz November 15 Late 2022"]
[White "Adewumi, Tanitoluwa"]
[Black "Rose, Felix"]
[WhiteFideId "30966396"]
[BlackFideId "5105722"]
[WhiteElo "2537"]
[BlackElo "2039"]
[Result "1/2-1/2"]
[Round "05"]
[TimeControl "180+1"]
[Date "2022.11.16"]
[WhiteClock "0:00:03"]
[BlackClock "0:00:27"]

1. e4 c5 2. Nf3 d6 3. Bb5+ Bd7 4. Bxd7+ Nxd7 5. O-O Ngf6 6. Qe2 e6 7. c3 Be7 8. d4 O-O 9. e5 Ne8 10. Rd1 Rc8 11. exd6 Bxd6 12. dxc5 Nxc5 13. Bf4 Qc7 14. Bxd6 Nxd6 15. Nbd2 Na4 16. Rab1 h6 17. Nd4 a6 18. N2f3 Nc4 19. h3 Ncxb2 20. Rxb2 Nxc3 21. Qd3 Nxd1 22. Qxd1 Qc1 23. Qxc1 Rxc1+ 24. Kh2 b5 25. Ne5 Rd8 26. Ndc6 Rd6 27. Nb4 a5 28. Nbd3 Rd1 29. Rxb5 R1xd3 30. Nxd3 Rxd3 31. Rxa5 Rd2 32. f3 g5 33. Ra8+ Kg7 34. a4 Ra2 35. Kg3 Kf6 36. a5 Kf5 37. a6 f6 38. a7 h5 39. h4 Ke5 40. hxg5 fxg5 41. Kh3 Ra4 42. g4 hxg4+ 43. fxg4 Ra3+ 44. Kg2 Ke4 45. Kf2 e5 46. Ke2 Ra2+ 47. Kd1 Ke3 48. Kc1 e4 49. Kb1 Ra6 50. Kb2 Ke2 51. Kc3 e3 52. Kd4 Ra4+ 53. Ke5 Ke1 54. Kf5 Ra5+ 55. Kg6 e2 56. Kh5 Kf1 57. Rf8+ Kg2 58. Re8 Rxa7 59. Rxe2+ Kf3 60. Re5 Rh7+ 61. Kxg5 Rg7+ 62. Kh5 Rxg4 63. Rf5+ Rf4 64. Ra5 Re4 65. Kg5 Rg4+ 66. Kf5 Rf4+ 67. Ke5 Re4+ 68. Kd5 Re3 69. Ra4 Rd3+ 70. Ke5 Re3+ 71. Kf5 Rd3 72. Ra2 Rb3 73. Ra5 1/2-1/2


[Site "https://www.chess.com"]

[Event "Titled Tuesday Blitz November 15 Late 2022"]
[White "Adury, Anant"]
[Black "Shuvalova, Polina"]
[WhiteFideId "30964687"]
[BlackFideId "24171760"]
[WhiteElo "2263"]
[BlackElo "2342"]
[Result "0-1"]
[Round "05"]
[TimeControl "180+1"]
[Date "2022.11.16"]
[WhiteClock "0:00:10"]
[BlackClock "0:00:06"]

1. Nf3 Nf6 2. g3 d5 3. Bg2 g6 4. O-O Bg7 5. d3 O-O 6. Bf4 c5 7. Nc3 Nc6 8. Ne5 Be6 9. e4 d4 10. Ne2 Qb6 11. b3 Rac8 12. Nxc6 Qxc6 13. Be5 b5 14. a4 a6 15. axb5 axb5 16. b4 Rfd8 17. Nf4 Bg4 18. f3 Bd7 19. Bxf6 exf6 20. Nd5 Re8 21. Ra2 c4 22. f4 Be6 23. Qa1 f5 24. Ra6 Qb7 25. Ra7 Qb8 26. Ne7+ Rxe7 27. Rxe7 Qd6 28. Ra7 Qxb4 29. Ra8 Qf8 30. Rxc8 Qxc8 31. exf5 Bxf5 32. Rd1 Bg4 33. Rb1 cxd3 34. cxd3 Qc5 35. Qa8+ Bf8 36. Qd5 Qc2 37. Qxb5 Be2 38. Qb3 Qd2 39. Qb2 Qe3+ 40. Kh1 Bxd3 41. Rd1 Bg7 42. Qd2 Bc4 43. Qxe3 dxe3 44. Re1 Bd4 45. Bf3 Kg7 46. Kg2 h5 47. Be2 Bd5+ 48. Bf3 Bc4 49. Be2 Bd5+ 50. Bf3 Be6 51. Re2 Bc4 52. Re1 Kf6 53. Be2 Bd5+ 54. Bf3 Be6 55. Rd1 Bc5 56. Kf1 Bc4+ 57. Be2 Bb3 58. Rd3 Be6 59. Rc3 Bh3+ 60. Ke1 Bb4 0-1


[Site "https://www.chess.com"]

[Event "Titled Tuesday Blitz November 15 Late 2022"]
[White "Al-Tarboush, Ward"]
[Black "Horcajuelo Rocamora, Martin"]
[WhiteFideId "7601450"]
[BlackFideId "24573027"]
[WhiteElo "2273"]
[BlackElo "2094"]
[Result "1-0"]
[Round "05"]
[TimeControl "180+1"]
[Date "2022.11.16"]
[WhiteClock "0:00:57"]
[BlackClock "0:01:22"]

1. e4 c5 2. Nf3 e6 3. d4 cxd4 4. Nxd4 a6 5. Bd3 b6 6. O-O Bb7 7. c4 Qc7 8. Nc3 Nf6 9. Be3 Nc6 10. Nxc6 Bxc6 11. f4 Qb7 12. e5 Ne4 13. Bxe4 Bxe4 14. Nxe4 Qxe4 15. Bxb6 Qxc4 16. Rc1 Qb5 17. Be3 Be7 18. Qg4 g6 19. b3 h5 20. Qf3 O-O 21. h3 Rac8 22. g4 h4 23. Qe4 d5 24. exd6 Bxd6 25. f5 Qe5 26. Qxe5 Bxe5 27. fxe6 fxe6 28. Kg2 Kg7 29. Rfd1 Rfd8 30. Rxd8 Rxd8 31. Rc6 Rc8 32. Rxc8 1-0


[Site "https://www.chess.com"]